 Dungeon Crawl Stone Soup version 0.17.0-28-g6e173f8 (console) character file.

5984 Kloppie the Protected (level 10, -3/53 HPs)
             Began as a Vine Stalker Fighter on Dec 1, 2015.
             Was an Elder of Okawaru.
             Succumbed to Sonja's poison
             ... on level 10 of the Dungeon.
             The game lasted 00:15:15 (7294 turns).

Kloppie the Protected (Vine Stalker Fighter)        Turns: 7294, Time: 00:15:15

Health: -3/53      AC: 19    Str: 19    XL:     10   Next: 85%
Magic:  9/11       EV: 14    Int:  8    God:    Okawaru [****..]
Gold:   629        SH: 11    Dex: 17    Spells: 0 memorised, 9 levels left

rFire  . . .     SeeInvis +     a - +0 long sword
rCold  + . .     Clarity  +     d - +1 chain mail {rC+}
rNeg   . . .     SustAt   .     c - +0 shield
rPois  .         Gourm    .     B - +1 helmet
rElec  .         Spirit   +     (no cloak)
rCorr  .         Warding  .     (no gloves)
rMut   .         Stasis   .     h - +1 pair of boots
MR     ++...                    y - amulet of clarity
Stlth  ..........               n - ring of see invisible
                                i - ring of protection from magic

@: lethally poisoned (-3 -> -49), heroism, slowed, very slow, very resistant to
hostile enchantments, extremely unstealthy
A: fangs 3, regeneration 2, magic shield, antimagic bite, no device heal 3, rot
immunity
a: Heroism, Renounce Religion


You were on level 10 of the Dungeon.
You worshipped Okawaru.
Okawaru was greatly pleased with you.
You were not hungry.

You visited 2 branches of the dungeon, and saw 11 of its levels.

You collected 629 gold pieces.

Inventory:

Hand Weapons
 a - a +0 long sword (weapon)
Armour
 c - a +0 shield (worn)
 d - a +1 chain mail of cold resistance (worn)
 h - a +1 pair of boots (worn)
 B - a +1 helmet (worn)
Jewellery
 i - a ring of protection from magic (left hand)
 n - a ring of see invisible (right hand)
 r - an uncursed ring of protection from fire {unknown}
 x - an uncursed amulet of resist corrosion
 y - an amulet of clarity (around neck)
Wands
 b - a wand of digging (24)
 q - a wand of draining (6)
 A - a wand of slowing (23)
Scrolls
 f - 3 scrolls of teleportation
 g - 7 scrolls of identify
 l - a scroll of magic mapping
 u - a scroll of remove curse
 v - 3 scrolls of enchant armour
Potions
 j - a potion of invisibility {unknown}
 k - 2 potions of agility
 m - 2 potions of magic
 s - 5 potions of curing
 w - 2 potions of flight {unknown}
 E - a potion of haste {unknown}
Miscellaneous
 z - an ornate deck of changes
 C - a plain deck of summoning
Comestibles
 e - 7 bread rations
 o - 5 meat rations
 p - 4 beef jerkies
 t - a royal jelly
 D - 3 slices of pizza
 F - 8 chunks of flesh


   Skills:
 - Level 6.2(11.2) Fighting
 - Level 5.8(10.8) Long Blades
 + Level 8.4(13.4) Armour
 + Level 7.9(12.9) Dodging
 - Level 2.6(7.6) Shields


You had 9 spell levels left.
You didn't know any spells.

Dungeon Overview and Level Annotations

Branches:
Dungeon (10/15)            Temple (0/1) D:5            Lair (1/8) D:8
    Orc: D:9-12

Altars:
Ashenzari
Cheibriados
Elyvilon
Makhleb
Okawaru
Ru
Trog
Yredelemnul

Annotations:
D:10 Sonja


Innate Abilities, Weirdness & Mutations

You have razor-sharp teeth.
You heal very quickly.
When hurt, damage is shared between your health and your magic reserves.
Your bite disrupts and absorbs the magic of your enemies.
Potions and wands cannot restore your health.
You are immune to rotting.


Message History

You feel very sick. The adder closely misses you.
Sonja falters for a moment.
The adder bites you but does no damage.
The iguana bites you but does no damage.
You block Sonja's attack. Sonja hits you but does no damage.
You are more poisoned.
Sonja hits you with an uncursed short sword of venom.
* * * LOW HITPOINT WARNING * * *
You are more poisoned.
You slash Sonja! Your bite misses Sonja.
Sonja is almost dead.
* * * LOW HITPOINT WARNING * * *
You feel very sick. You block the adder's attack. You block Sonja's attack.
You block Sonja's attack. Sonja hits you but does no damage.
You are more poisoned.
The iguana barely misses you. The adder bites you but does no damage.
You completely miss Sonja. Your bite misses Sonja.
Sonja is almost dead.
You die...

##....≈.≈≈......####+###
#....≈≈..≈≈≈.............
....≈≈≈≈≈................
≈≈≈≈≈≈≈≈≈≈≈≈≈≈...?.......
......≈....≈≈≈≈≈...≈≈....
..≈≈≈≈≈≈≈≈.....≈≈≈≈......
.....≈.........(...).....
..........#####.lS.......
..........# #.@..$.....
..........# #.K........
>.........# #..........
..........# #..........
..........# #########..
########### .


You could see Sonja, an iguana and an adder.

Vanquished Creatures
  A hill giant (D:9)
  A polar bear (D:10)
  A troll (D:9)
  A yak (D:10)
  A two-headed ogre (D:9)
  A hippogriff (D:9)
  Menkaure (D:7)
  3 porcupines (D:8)
  Duvessa (D:6)
  A water moccasin (D:10)
  A necrophage (D:5)
  2 ice beasts
  3 phantoms
  An orc warrior (D:9)
  A sky beast (D:8)
  8 ogres
  A crocodile (D:8)
  3 big kobolds
  4 giant frogs
  Dowan (D:6)
  3 scorpions
  8 wights
  An electric eel (D:10)
  7 crimson imps
  2 hounds
  5 jellies
  4 orc priests
  8 worker ants
  A giant frog skeleton (D:10)
  Terence (D:3)
  6 orc wizards
  5 iguanas
  A giant frog simulacrum (D:10)
  A centaur simulacrum (D:10)
  A mummy (D:7)
  A hound skeleton (D:4)
  15 gnolls
  A worker ant zombie (D:8)
  9 adders
  3 shadow imps
  2 worker ant simulacra (D:10)
  2 ufetubi (D:10)
  An ooze (D:6)
  2 adder skeletons
  2 worms (D:2)
  8 giant geckos
  28 orcs
  A ball python (D:3)
  6 bats
  2 giant cockroaches
  11 goblins
  13 hobgoblins
  13 jackals
  22 kobolds
  A giant gecko zombie (D:6)
  7 giant newts
  5 quokkas
  2 quokka skeletons
  9 rats
257 creatures vanquished.

Notes
Turn   | Place    | Note
--------------------------------------------------------------
     0 | D:1      | Kloppie the Vine Stalker Fighter began the quest for the Orb.
     0 | D:1      | Reached XP level 1. HP: 11/11 MP: 2/2
   135 | D:1      | Reached XP level 2. HP: 14/16 MP: 3/3
   400 | D:1      | Reached skill level 3 in Fighting
   826 | D:2      | Reached XP level 3. HP: 5/20 MP: 4/4
  1125 | D:2      | Noticed a moth of wrath
  1128 | D:2      | Found a bloodstained altar of Trog.
  1156 | D:2      | Reached XP level 4. HP: 18/24 MP: 5/5
  1600 | D:2      | Found a burning altar of Makhleb.
  1600 | D:2      | Found an iron altar of Okawaru.
  1604 | D:2      | Became a worshipper of Warmaster Okawaru
  1660 | D:3      | Found a shattered altar of Ashenzari.
  1738 | D:2      | Reached skill level 4 in Fighting
  1738 | D:2      | Reached XP level 5. HP: 4/29 MP: 1/6
  1898 | D:3      | Noticed a phantom
  1922 | D:3      | Killed a phantom
  1922 | D:3      | Gained mutation: You heal very quickly. [Vine Stalker growth]
  1922 | D:3      | Reached XP level 6. HP: 28/34 MP: 7/7
  2092 | D:3      | Noticed Terence
  2099 | D:3      | Killed Terence
  2525 | D:4      | Reached skill level 5 in Fighting
  2636 | D:4      | Reached * piety under Okawaru
  2835 | D:4      | Reached XP level 7. HP: 39/39 MP: 8/8
  2948 | D:4      | Reached skill level 5 in Long Blades
  3216 | D:5      | Entered Level 5 of the Dungeon
  3518 | D:5      | Reached skill level 6 in Fighting
  3646 | D:5      | Gained mutation: You have razor-sharp teeth. [Vine Stalker growth]
  3646 | D:5      | Reached XP level 8. HP: 44/44 MP: 9/9
  3799 | D:5      | Reached ** piety under Okawaru
  3836 | D:5      | Reached skill level 1 in Dodging
  3875 | D:5      | Found a staircase to the Ecumenical Temple.
  4203 | D:6      | Noticed Duvessa
  4205 | D:6      | Noticed Dowan
  4214 | D:6      | Killed Duvessa
  4226 | D:6      | Killed Dowan
  4488 | D:6      | Reached XP level 9. HP: 48/48 MP: 10/10
  4532 | D:6      | Reached skill level 5 in Armour
  4721 | D:7      | Reached *** piety under Okawaru
  4747 | D:7      | Noticed Menkaure
  4749 | D:7      | Found a snail-covered altar of Cheibriados.
  4755 | D:7      | Killed Menkaure
  4828 | D:7      | Reached skill level 5 in Dodging
  4918 | D:7      | You fall through a shaft!
  4918 | D:8      | Found a staircase to the Lair.
  5035 | D:8      | Reached **** piety under Okawaru
  5280 | D:7      | Reached XP level 10. HP: 40/53 MP: 11/11
  5957 | Lair:1   | Entered Level 1 of the Lair of Beasts
  6034 | Lair:1   | Noticed a five-headed hydra
  6094 | D:9      | Reached skill level 7 in Armour
  6381 | D:9      | Noticed a hill giant
  6397 | D:9      | Killed a hill giant
  6436 | D:9      | Found a sacrificial altar of Ru.
  6878 | D:9      | Found a white marble altar of Elyvilon.
  6940 | D:9      | Found a basalt altar of Yredelemnul.
  7029 | D:10     | Entered Level 10 of the Dungeon
  7109 | D:10     | Reached skill level 8 in Armour
  7278 | D:10     | Noticed Sonja
  7294 | D:10     | Succumbed to Sonja's poison

Action                   |  1- 3 |  4- 6 |  7- 9 | 10-12 || total
-------------------------+-------+-------+-------+-------++-------
Melee: Long sword        |   112 |   185 |   374 |   315 ||   986
Invok: Heroism           |       |       |       |     4 ||     4
  Use: Potion            |       |       |     2 |       ||     2
       Scroll            |       |       |       |    15 ||    15
  Eat: Chunk             |       |    12 |     8 |     6 ||    26
